 Dungeon Sprint DCSS version 0.21.1-1-g345015f (webtiles) character file.

132 doot the Fighter (level 7, -9/72 HPs)
             Began as a Green Draconian Berserker on June 4, 2018.
             Was a High Priest of Trog.
             Mangled by an earth elemental (30 damage)
             ... in the Dungeon (Sprint VI: "Thunderdome").
             The game lasted 00:05:23 (451 turns).

doot the Fighter (Green Draconian Berserker)         Turns: 451, Time: 00:05:24

Health: -9/72      AC:  6    Str: 25    XL:     7   Next: 28%
Magic:  16/16      EV: 16    Int: 17    God:    Trog [*****.]
Gold:   115        SH:  0    Dex: 11    Spells: 6/6 levels left

rFire    . . .     SeeInvis +   a - +0 mace
rCold    + . .     Gourm    .   (no shield)
rNeg     . . .     Faith    .   (armour unavailable)
rPois    +         Spirit   .   (helmet restricted)
rElec    .         Reflect  .   (no cloak)
rCorr    .         Harm     .   (no gloves)
MR       .....     NoTele   +   (no boots)
Stlth    ++........             o - amulet "Fatitrew" {Fragile rPois Regen+ Int+10}
HPRegen  0.62/turn              m - ring of Balance {Ice Str+4 SInv}
MPRegen  0.15/turn              n - ring "Pary" {rF+ MP+9 SInv Stlth+}

@: no status effects
A: breathe noxious fumes, unfitting armour, poison resistance, cold-blooded, AC
+6
a: Breathe Noxious Fumes, Berserk, Trog's Hand, Brothers in Arms, Burn
Spellbooks, Renounce Religion


You were in the Dungeon.
You worshipped Trog.
Trog was extremely pleased with you.
You were not hungry.

You visited 1 branch You collected 400 gold pieces.
You spent 285 gold pieces at shops.

Inventory:

Hand Weapons
 a - a +0 mace (weapon)
 q - a +0 scythe
Jewellery
 m - the ring of Balance (left hand) {Ice Str+4 SInv}
   (You bought it in a shop in the Dungeon)

   [ring of ice]

   It enhances your ice magic.
   It affects your strength (+4).
   It makes you vulnerable to fire.
   It protects you from cold.
   It lets you see invisible.
 n - the ring "Pary" (right hand) {rF+ MP+9 SInv Stlth+}
   (You bought it in a shop in the Dungeon)

   [ring of magical power]

   It protects you from fire.
   It affects your magic capacity (+9).
   It lets you see invisible.
   It makes you more stealthy.
 o - the amulet "Fatitrew" (around neck) {Fragile rPois Regen+ Int+10}
   (You bought it in a shop in the Dungeon)

   [amulet of regeneration]

   It affects your intelligence (+10).
   It protects you from poison.
   It increases your rate of regeneration.
   It will be destroyed if unequipped.
Wands
 i - a wand of acid (5)
 j - a wand of iceblast (5)
Scrolls
 h - 4 scrolls of blinking
 k - 3 scrolls of fog
 p - 3 scrolls of identify
Potions
 c - 2 potions of curing
 d - 4 potions of heal wounds
 e - 4 potions of haste
 f - 2 potions of magic
 g - a potion of berserk rage
 l - a potion of resistance
Comestibles
 b - a ration


   Skills:
 + Level 10.3 Fighting
 + Level 9.7 Maces & Flails
 + Level 9.1 Dodging
 + Level 0.1 Stealth


You had 6 spell levels left.
You didn't know any spells.

Dungeon Overview and Level Annotations

Branches:
Dungeon (1/1)

Altars:
Cheibriados
Dithmenos
Fedhas
Gozag
Kikubaaqudgha
Makhleb
Okawaru
Qazlal
Ru
Sif Muna
Trog
Uskayaw
Vehumet
Wu Jian
Xom
Yredelemnul
Zin
The Shining One
Beogh
Jiyva
Lugonu

Shops:
D *[%??*?*:[((!!!!


Innate Abilities, Weirdness & Mutations

You can breathe blasts of noxious fumes.
Your lurid green scales are hard. (AC +6)
You cannot fit into any form of body armour.
Your system is resistant to poisons. (rPois)
You are cold-blooded and may be slowed by cold attacks.


Message History

There is a basalt altar of Yredelemnul here.
The earth elemental hits you!!
You hit the earth elemental but do no damage.
You tail-slap the earth elemental, but do no damage.
You hit the earth elemental but do no damage.
You tail-slap the earth elemental.
The earth elemental is lightly damaged.
The earth elemental misses you.
You hit the earth elemental.
The earth elemental is lightly damaged.
You hit the earth elemental but do no damage.
The earth elemental is lightly damaged.
The earth elemental hits you!!
* * * LOW HITPOINT WARNING * * *
You hit the earth elemental but do no damage.
The earth elemental is lightly damaged.
You hit the earth elemental but do no damage.
The earth elemental is lightly damaged.
The earth elemental hits you!!
You die...

#⌠...........⌠#
######.8.........8.####
##∩.__......###......___
###∩........8.# #.8.......
##.............###.........
#⌠.......÷..###..÷###......
#⌠..........# #.<.# #......
#⌠..........###[..###......
##.......[@E...###.........
###∩........8.# #.8.......
##∩.__......###......__.
######.8.........8.####
#⌠...........⌠#
###.........### #_......._#
#_......._# #_......._#


You could see an earth elemental.

Vanquished Creatures
  Sigmund (D)
  A soldier ant (D)
  A phantom (D)
  3 killer bees (D)
  A jelly (D)
  A hound (D)
  Terence (D)
  An iguana (D)
  2 worker ants (D)
  An orc (D)
  2 bat skeletons (D)
  A kobold (D)
16 creatures vanquished.

Notes
Turn   | Place    | Note
-------+----------+-------------------------------------------
     0 | D        | doot the Draconian Berserker began the quest for the Orb.
     0 | D        | Reached XP level 1. HP: 19/19 MP: 1/1
     1 | D        | Found a sacrificial altar of Ru.
     1 | D        | Found a roughly hewn altar of Beogh.
     2 | D        | Found a blossoming altar of Fedhas.
     2 | D        | Found a shimmering altar of Xom.
     4 | D        | Found Kyobat's Delicious Food.
     4 | D        | Found a glowing silver altar of Zin.
     4 | D        | Found a basalt altar of Yredelemnul.
     4 | D        | Found Falanag's Identification Station.
     5 | D        | Found Pyasy's Jewellery.
     5 | D        | Found Kaytt's Advanced Armour.
     5 | D        | Round 1.
    13 | D        | Bought a coiled platinum ring for 45 gold pieces
    13 | D        | Bought a fine pewter ring for 45 gold pieces
    13 | D        | Bought a faintly glowing brass amulet for 45 gold pieces
    13 | D        | Identified the ring of Balance {Ice Str+4 SInv} (You bought it in a shop in the Dungeon)
    14 | D        | Identified the amulet "Fatitrew" {Fragile rPois Regen+ Int+10} (You bought it in a shop in the Dungeon)
    15 | D        | Identified the ring "Pary" {rF+ MP+9 SInv Stlth+} (You bought it in a shop in the Dungeon)
    17 | D        | Noticed a phantom
    30 | D        | Killed a phantom
    30 | D        | Reached skill level 6 in Fighting
    30 | D        | Reached skill level 5 in Maces & Flails
    30 | D        | Reached skill level 5 in Dodging
    30 | D        | Reached XP level 2. HP: 31/31 MP: 2/2
    30 | D        | Reached XP level 3. HP: 38/38 MP: 2/3
    30 | D        | Reached XP level 4. HP: 45/45 MP: 2/4
    31 | D        | Noticed Terence
    35 | D        | Found an ornate altar of the Wu Jian Council.
    46 | D        | Killed Terence
    47 | D        | Found a burning altar of Makhleb.
    61 | D        | Noticed Sigmund
    61 | D        | Found a shadowy altar of Dithmenos.
    62 | D        | Found Rabig's Premium Goods.
    63 | D        | Found Ronisk's Miscellaneous Merchandise.
    63 | D        | Found Ifinweg's Basic Armour.
    64 | D        | Found a deep blue altar of Sif Muna.
    64 | D        | Found a glowing golden altar of the Shining One.
    64 | D        | Found a viscous altar of Jiyva.
    64 | D        | Found Puxed's Weapon Rack.
    77 | D        | Killed Sigmund
    77 | D        | Reached ** piety under Trog
    77 | D        | Reached skill level 8 in Fighting
    77 | D        | Reached XP level 5. HP: 42/56 MP: 5/5
    77 | D        | Reached XP level 6. HP: 47/62 MP: 6/6
    82 | D        | Found a stormy altar of Qazlal.
    82 | D        | Found a snail-covered altar of Cheibriados.
    83 | D        | Found an iron altar of Okawaru.
    83 | D        | Found a bloodstained altar of Trog.
    84 | D        | Found an opulent altar of Gozag.
    84 | D        | Found a hide-covered altar of Uskayaw.
    85 | D        | Found Plog's Staff Store.
    85 | D        | Found Moasaonom's Magic Scroll Shop.
    86 | D        | Found Wuosioch's Must-Have Magic.
    86 | D        | Found Fomopitt's Magic Scroll Shop.
    95 | D        | Found a radiant altar of Vehumet.
    96 | D        | Found Aqypnont's Distillery.
    97 | D        | Found Buonuder's Distillery.
    97 | D        | Found Ifovou's Bottled Wisdom.
    98 | D        | Found a corrupted altar of Lugonu.
    98 | D        | Found an ancient bone altar of Kikubaaqudgha.
    98 | D        | Found Hunir's Do-It-Yourself Clinic.
   131 | D        | Arena points: 12 (+12) [x2]
   197 | D        | Round 2.
   213 | D        | Reached *** piety under Trog
   248 | D        | Reached skill level 9 in Fighting
   285 | D        | Noticed a soldier ant
   299 | D        | Killed a soldier ant
   300 | D        | Reached **** piety under Trog
   300 | D        | Arena points: 48 (+36) [x3]
   300 | D        | Your scales start taking on a lurid green colour.
   300 | D        | Reached XP level 7. HP: 71/71 MP: 7/7
   300 | D        | Gained mutation: Your system is resistant to poisons. (rPois) [Green Draconian growth]
   344 | D        | Round 3.
   356 | D        | Reached skill level 10 in Fighting
   389 | D        | Reached ***** piety under Trog
   392 | D        | Arena points: 132 (+84) [x4]
   422 | D        | Round 4.
   441 | D        | Bought 3 scrolls of identify for 150 gold pieces
   451 | D        | Mangled by an earth elemental

Skill      XL: |  1  2  3  4  5  6  7 |
---------------+----------------------+-----
Fighting       | 6 8 9 10 | 10.3
Maces & Flails | 5 7 9 |  9.7
Dodging        | 5 7 8 9 |  9.1
Stealth        | |  0.1

Action                   |  1- 3 |  4- 6 |  7- 9 || total
-------------------------+-------+-------+-------++-------
Melee: Mace              |     6 |    47 |    26 ||    79
       Tailslap          |     3 |    12 |     6 ||    21
Invok: Berserk           |     1 |     1 |       ||     2
 Abil: Breathe Noxious F |       |       |     1 ||     1
  Eat: Chunk             |       |       |     1 ||     1
Armor: Skin              |     1 |     7 |    13 ||    21
Dodge: Dodged            |     3 |    50 |    45 ||    98
